 Dungeon Crawl Stone Soup version 0.30-a0-459-g9104f0fc43 (webtiles) character file.

Game seed: 997120698630315412

12822 coraxio the Covert (level 11, -1/101 HPs)
             Began as an Armataur Monk on Dec 16, 2022.
             Was the Champion of Cheibriados.
             Slain by a very large slime creature (25 damage)
             ... on level 12 of the Dungeon.
             The game lasted 01:01:14 (11279 turns).

coraxio the Covert (Armataur Monk)                 Turns: 11279, Time: 01:01:15

Health: -1/101     AC: 12    Str: 32    XL:     11   Next: 67%
Magic:  19/24      EV: 14    Int: 26    God:    Cheibriados [******]
Gold:   661        SH: 13    Dex: 37    Spells: 10/10 levels left

rFire   x . .      SeeInvis +    U - +2 long sword (drain)
rCold   + . .      Faith    .    e - +0 buckler
rNeg    . . .      Spirit   .    g - +0 troll leather armour
rPois   .          Reflect  +    (no helmet)
rElec   .          Harm     .    S - scarf {shadows}
rCorr   .          Roll     +    o - +1 pair of gloves
Will    .....                    (no barding)
Stlth   ++++++....               P - amulet of reflection
HPRegen 1.16/turn                p - +4 ring of protection
MPRegen 0.19/turn                T - ring of Kubrelith {Ice MP+9 Dex+6 SInv}

@: studying Polearms, very slow
A: large, rugged brown scales 3, deformed body, armoured tail, roll, long
tongue, awkward tongue
a: Renounce Religion, Bend Time, Temporal Distortion, Slouch, Step From Time


You were on level 12 of the Dungeon.
You worshipped Cheibriados.
Cheibriados was exalted by your worship.
You visited 2 branches of the dungeon, and saw 13 of its levels.

You collected 836 gold pieces.
You spent 175 gold pieces at shops.

Inventory:

Hand Weapons
 f - a +1 short sword of venom
 u - a +2 dagger of pain
 M - a +0 rapier of freezing
 U - a +2 long sword of draining (weapon)
Missiles
 d - 92 stones (quivered)
 z - 13 poisoned darts
 R - 2 throwing nets
 V - 6 curare-tipped darts
Armour
 e - a +0 buckler (worn)
 g - a +0 troll leather armour (worn)
 o - a +1 pair of gloves (worn)
 w - a +2 leather armour of cold resistance
 H - a +0 chain mail
 I - a +0 ring mail
 O - a +0 cloak
 S - a scarf of shadows (worn)
Jewellery
 b - a +6 ring of intelligence
 p - a +4 ring of protection (left hand)
 E - a ring of positive energy
 L - a +4 ring of evasion
 P - an amulet of reflection (around neck)
 T - the ring of Kubrelith (right hand) {Ice MP+9 Dex+6 SInv}
   (You found it on level 8 of the Dungeon)

   [ring of ice]

   It enhances your ice magic.
   Dex:       It affects your dexterity (+6).
   rF:        It makes you vulnerable to fire.
   rC:        It protects you from cold.
   MP:        It affects your magic capacity (+9).
   SInv:      It lets you see invisible.
Wands
 a - a wand of flame (30)
 n - a wand of iceblast (7)
 y - a wand of polymorph (6)
 W - a wand of quicksilver (13)
Scrolls
 i - a scroll of silence {unknown}
 m - 3 scrolls of enchant weapon
 q - 2 scrolls of immolation
 s - a scroll of poison
 t - 2 scrolls of fear {unknown}
 v - a scroll of butterflies {unknown}
 x - 3 scrolls of teleportation
 D - a scroll of vulnerability
 F - 2 scrolls of amnesia
 G - a scroll of blinking
 J - a scroll of brand weapon
 N - a scroll of enchant armour {unknown}
 Q - a scroll of magic mapping {unknown}
 Y - 2 scrolls of fog
 Z - a scroll of torment {unknown}
Potions
 c - a potion of ambrosia
 h - 7 potions of curing
 j - 5 potions of mutation
 k - 2 potions of lignification
 l - a potion of invisibility {unknown}
 r - 8 potions of might
 A - 3 potions of heal wounds
 B - a potion of berserk rage {unknown}
 C - 2 potions of brilliance {unknown}
 K - a potion of flight {unknown}
 X - a potion of cancellation {unknown}


   Skills:
 + Level 8.5 Fighting
 - Level 4.5(6.5) Short Blades
 - Level 7.3(8.0) Long Blades
 - Level 1.0 Throwing
 + Level 8.7 Armour
 + Level 4.4 Dodging
 - Level 10.0 Stealth
 - Level 5.0 Shields
 * Level 5.4 Invocations


You had 10 spell levels left.
You didn't know any spells.
Your spell library contained the following spells:

 Spells                   Type           Power      Damage    Failure   Level
 Static Discharge         Conj/Air       0%         2-2/arc   26%         2
 Gell's Gravitas          Tloc           0%         N/A       45%         3
 Inner Flame              Hex/Fire       0%         N/A       45%         3
 Lesser Beckoning         Tloc           0%         N/A       45%         3
 Portal Projectile        Hex/Tloc       0%         N/A       45%         3
 Teleport Other           Tloc           0%         N/A       45%         3
 Tukima's Dance           Hex            0%         N/A       45%         3
 Vhi's Electric Charge    Tloc/Air       0%         N/A       45%         3
 Cause Fear               Hex            0%         N/A       86%         4
 Arcjolt                  Conj/Air       0%         1d10      99%         5
 Blade Hands              Tmut           0%         N/A       99%         5
 Lightning Bolt           Conj/Air       0%         1d11      99%         5
 Discord                  Hex            0%         N/A       100%        8


Dungeon Overview and Level Annotations

Branches:
Dungeon (12/15)            Temple (1/1) D:4            Lair (0/5) D:11
    Orc (0/2) D:10

Altars:
Ashenzari
Cheibriados
Dithmenos
Elyvilon
Fedhas
Gozag
Hepliaklqana
Kikubaaqudgha
Makhleb
Nemelex Xobeh
Okawaru
Qazlal
Ru
Sif Muna
Trog
Uskayaw
Vehumet
Wu Jian
Xom
Yredelemnul
Zin
The Shining One

Shops:
D:10 *   D:11 *   D:12 [

Annotations:
D:2 exclusion: 2 gnolls


Innate Abilities, Weirdness & Mutations

You are completely covered in rugged brown scales. (AC +3, +7% HP)
Armour fits poorly on your strangely shaped body.
You have a long armoured tail.
You roll when moving toward enemies. (Rampage)
Your long tongue fully drains potion bottles. (2x potion effects)
Your tongue gives you trouble enunciating. (1.5x scroll delay)


Message History

You slash the very large slime creature!
The very large slime creature is severely wounded.
The slime creature barely misses you.
You block the very large slime creature's attack.
You slash the very large slime creature!
You drain the very large slime creature.
The very large slime creature is severely wounded.
You block the slime creature's attack.
You block the very large slime creature's attack.
You hit the very large slime creature.
The very large slime creature is severely wounded.
The slime creature hits you.
The very large slime creature misses you.
You hit the very large slime creature.
You tail-slap the very large slime creature!
The very large slime creature is almost dead.
You block the slime creature's attack.
The very large slime creature hits you!!
* * * LOW HITPOINT WARNING * * *
The slime creature attacks as you move away!
You block the slime creature's attack.
A very large slime creature splits.
You block the slime creature's attack.
A large slime creature splits.
Two slime creatures merge to form a large slime creature.
The slime creature hits you.
* * * LOW HITPOINT WARNING * * *
You completely miss the slime creature.
The slime creature quivers.
You tail-slap the slime creature.
The slime creature is heavily wounded.
The slime creature misses you.
Two slime creatures merge to form a very large slime creature.
Activating: Slouch (16% risk of failure)
Press: ? - help, Dir - look around, f - activate You can feel time thicken for a moment.
You kill the slime creature!
Cheibriados thoroughly appreciates the change of pace.
You slice the very large slime creature!!
The very large slime creature is almost dead.
The very large slime creature hits you!!
You die...

#.# #.#
##.#
#..#
##.##
#..#
#.## .
#.# J.
#@####J.
#J#..[
##.#.#
#....#
#...##
#..∩##
#..##
#..#
####


You could see a very large slime creature (drained).

Vanquished Creatures
  A two-headed ogre (D:10)
  A deep elf pyromancer (D:12)
  3 unseen horrors
  3 komodo dragons (D:11)
  5 trolls
  Prince Ribbit (D:6)
  A hornet (D:8)
  A slime creature (D:12)
  Sigmund (D:6)
  9 yaks
  2 shadows
  A vampire (D:12)
  Eustachio (D:5)
  A wraith (D:12)
  2 wyverns
  A basilisk (D:11)
  3 acid dragons
  4 water moccasins
  4 orc warriors (D:10)
  2 black bears
  2 ice beasts
  10 centaurs
  4 phantoms
  2 kobold brigands (D:8)
  5 bullfrogs
  A gnoll sergeant (D:11)
  2 necrophages
  A wyvern zombie (D:8)
  5 scorpions
  8 wights
  4 killer bees (D:10)
  9 howler monkeys
  A crimson imp (D:6)
  2 jellies
  7 orc priests
  5 hounds
  2 gnoll boudas
  Jessica (D:3)
  4 iguanas
  Ijyb (D:3)
  8 orc wizards
  Natasha (thrice) (D:3)
  A statue (D:5)
  A killer bee zombie (D:8)
  10 adders
  19 gnolls
  A shadow imp (D:7)
  4 white imps
  A worm (D:3)
  3 dart slugs
  37 orcs
  8 ball pythons
  9 bats
  7 endoplasms
  4 giant cockroaches
  7 goblins
  12 hobgoblins
  5 jackals
  13 kobolds
  A quokka (D:5)
  5 frilled lizards
  6 rats
288 creatures vanquished.

Vanquished Creatures (others)
  20 fungi
  3 plants (D:7)
23 creatures vanquished.

Grand Total: 311 creatures vanquished

Notes
Turn   | Place    | Note
-------+----------+-------------------------------------------
     0 | D:1      | coraxio the Armataur Monk began the quest for the Orb.
     0 | D:1      | Reached XP level 1. HP: 19/19 MP: 1/1
   117 | D:1      | Reached XP level 2. HP: 26/26 MP: 2/2
   609 | D:1      | Reached XP level 3. HP: 33/33 MP: 3/3
   854 | D:2      | Reached skill level 1 in Shields
  1692 | D:2      | Reached skill level 3 in Stealth
  1910 | D:3      | Noticed Natasha
  2074 | D:2      | Reached XP level 4. HP: 38/40 MP: 4/4
  2246 | D:3      | Noticed Jessica
  2256 | D:3      | Killed Jessica
  2257 | D:3      | Reached XP level 5. HP: 47/48 MP: 5/5
  2334 | D:3      | Found a faded altar of an unknown god.
  2397 | D:3      | Noticed Ijyb
  2446 | D:3      | Killed Ijyb
  2447 | D:3      | Reached skill level 1 in Armour
  2776 | D:3      | Killed Natasha
  2818 | D:3      | Noticed Natasha
  2821 | D:3      | Killed Natasha
  2842 | D:3      | Noticed Natasha
  2855 | D:3      | Killed Natasha
  2856 | D:3      | Reached XP level 6. HP: 43/54 MP: 6/6
  2946 | D:4      | Reached skill level 1 in Throwing
  2953 | D:4      | Noticed an ice beast
  2986 | D:3      | Reached skill level 4 in Stealth
  3242 | D:4      | Reached XP level 7. HP: 56/62 MP: 7/7
  3366 | D:4      | Found a staircase to the Ecumenical Temple.
  3380 | Temple   | Entered the Ecumenical Temple
  3458 | Temple   | Became a worshipper of Cheibriados the Contemplative
  3458 | Temple   | Reached * piety under Cheibriados
  3458 | Temple   | Reached ** piety under Cheibriados
  3854 | D:4      | Noticed a wyvern
  3868 | D:4      | Killed a wyvern
  4187 | D:5      | Entered Level 5 of the Dungeon
  4193 | D:5      | Reached skill level 5 in Stealth
  4261 | D:5      | Reached skill level 5 in Armour
  4271 | D:5      | Found the +18 Lear's hauberk
  4563 | D:5      | Found an iron altar of Okawaru.
  4608 | D:5      | Reached skill level 1 in Short Blades
  4608 | D:5      | Reached XP level 8. HP: 50/71 MP: 8/8
  4616 | D:5      | Noticed Eustachio
  4763 | D:5      | Reached *** piety under Cheibriados
  4889 | D:5      | Found a radiant altar of Vehumet.
  4932 | D:5      | Found a bloodstained altar of Trog.
  5006 | D:5      | Killed Eustachio
  5007 | D:5      | Reached skill level 5 in Fighting
  5007 | D:5      | Reached skill level 6 in Stealth
  5376 | D:6      | Reached skill level 5 in Long Blades
  5378 | D:6      | Noticed Sigmund
  5526 | D:6      | Found a sacrificial altar of Ru.
  5644 | D:6      | Killed Sigmund
  5645 | D:6      | Reached XP level 9. HP: 79/79 MP: 9/9
  5821 | D:6      | Found a burning altar of Makhleb.
  5870 | D:6      | Reached **** piety under Cheibriados
  5871 | D:6      | Reached skill level 7 in Stealth
  5971 | D:6      | Reached skill level 1 in Invocations
  6162 | D:7      | Noticed Prince Ribbit
  6198 | D:6      | Killed Prince Ribbit
  6395 | D:7      | Found a hazy altar of Hepliaklqana.
  6448 | D:7      | Reached ***** piety under Cheibriados
  6632 | D:7      | Found an ancient bone altar of Kikubaaqudgha.
  6636 | D:7      | Found a white marble altar of Elyvilon.
  7148 | D:7      | Reached skill level 5 in Shields
  7452 | D:8      | Found a broken altar of Ashenzari.
  7489 | D:8      | Identified the ring of Kubrelith {Ice MP+9 Dex+6 SInv}
  7527 | D:8      | Found a shimmering altar of Xom.
  7652 | D:8      | Reached skill level 8 in Stealth
  7652 | D:8      | Reached XP level 10. HP: 89/89 MP: 11/13
  8078 | D:8      | Found a glowing golden altar of the Shining One.
  8375 | D:8      | Found a stormy altar of Qazlal.
  8477 | D:8      | Found a basalt altar of Yredelemnul.
  8561 | D:9      | Found an opulent altar of Gozag.
  8588 | D:9      | Reached skill level 5 in Invocations
  8728 | D:9      | Identified the +2 morningstar of Poacimim {drain, rF+ Int+5
                  | Stlth-}
  9115 | D:10     | Entered Level 10 of the Dungeon
  9176 | D:10     | Found Baiqan Xaucw's Assorted Antiques.
  9340 | D:10     | Reached skill level 9 in Stealth
  9370 | D:10     | Found a shimmering blue altar of Sif Muna.
  9494 | D:10     | Noticed a two-headed ogre
  9501 | D:10     | Killed a two-headed ogre
  9580 | D:10     | Reached XP level 11. HP: 91/98 MP: 14/14
  9626 | D:10     | Reached ****** piety under Cheibriados
  9667 | D:10     | Found a staircase to the Orcish Mines.
  9952 | D:10     | Found an ornate altar of the Wu Jian Council.
  9993 | D:11     | Found Timp's Assorted Antiques.
 10040 | D:11     | Bought a cloak for 121 gold pieces
 10040 | D:11     | Bought a scroll of identify for 54 gold pieces
 10593 | D:11     | Reached skill level 10 in Stealth
 10787 | D:11     | Found a staircase to the Lair.
 11061 | D:12     | Noticed a deep elf pyromancer
 11067 | D:12     | Killed a deep elf pyromancer
 11244 | D:12     | Found Nirphe Keist's Armour Shoppe.
 11279 | D:12     | Slain by a very large slime creature

Illustrated notes

Levels and vault maps discovered:
D:1:      shiori_arrival_maze, layout_rooms
D:2:      layout_loops_ring
D:3:      layout_basic, ebering_ecumenical_altar_petrified, minmay_starry_boxes,
          uniq_ijyb, uniq_natasha, uniq_jessica
D:4:      layout_basic, minmay_temple_entry_mist, minmay_manual_moon
D:5:      layout_cave_pools, mainiacjoe_overflow_chevrons,
          mainiacjoe_overflow_alcove_1, vehumet_statue, st_stairs_10,
          minmay_fractal_squares_5, uniq_eustachio
D:6:      layout_cave_pools, nicolae_ru_the_path_less_chosen,
          makhleb_grotto_becter, uniq_sigmund
D:7:      layout_layer_cave, kiku_gazebo_garden_becter,
          nicolae_hepliaklqana_hazy_memory, lemuel_crystal_altar,
          uniq_prince_ribbit1
D:8:      layout_loops_ring, lemuel_zombie_altar_yredelemnul,
          mainiacjoe_overflow_alcove_2, nicolae_ashenzari_skybound,
          lemuel_tele_altar, lemuel_coloured_pillars_altar
D:9:      layout_cross, mainiacjoe_overflow_tiny_flanked
D:10:     layout_basic, nicolae_sif_muna_little_library,
          nzn_wu_jian_council_hall, david_orc_4, serial_shops,
          nicolae_shop_waterfront
D:11:     layout_roguey, erik_lair_dragon, serial_shops, nicolae_shop_waterfront
D:12:     minmay_inner_zag, layout_rooms, serial_shops, shop
Temple:   nicolae_temple_ecumenical_triangle

Skill      XL: |  1  2  3  4  5  6  7  8  9 10 11 |
---------------+----------------------------------+-----
Long Blades    | 3 4 5 6 7 |  7.3
Fighting       | 3 4 5 6 7 8 |  8.5
Shields        | 1 2 3 4 5 |  5.0
Stealth        | 3 4 5 6 8 9 10 | 10.0
Armour         | 2 3 5 6 8 |  8.7
Throwing       | 1 |  1.0
Short Blades   | 1 4 |  4.5
Invocations    | 4 5 |  5.4
Dodging        | 3 4 |  4.4

Action                   |  1- 3 |  4- 6 |  7- 9 | 10-12 || total
-------------------------+-------+-------+-------+-------++-------
Melee: Falchion          |   125 |    59 |    14 |       ||   198
       Tailslap          |    15 |    15 |    89 |    69 ||   188
       Short sword       |       |    95 |   419 |    93 ||   607
       Rapier            |       |       |    71 |     3 ||    74
       Dagger            |       |       |    14 |    14 ||    28
       Long sword        |       |       |       |   254 ||   254
Throw: Stone             |     8 |    11 |     6 |     1 ||    26
Invok: Bend Time         |       |       |     2 |       ||     2
       Slouch            |       |       |       |     2 ||     2
  Use: Scroll            |       |     1 |     5 |    11 ||    17
 Stab: Sleeping          |    10 |     2 |    13 |    16 ||    41
       Distracted        |       |     1 |     3 |     2 ||     6
Armor: Robe              |    35 |    26 |       |       ||    61
       Leather armour    |       |    52 |   187 |    36 ||   275
       Troll leather arm |       |       |       |    85 ||    85
Dodge: Dodged            |    64 |    71 |   225 |   200 ||   560
Block: Buckler           |    21 |    20 |   226 |   292 ||   559
       Reflection        |       |       |     1 |     6 ||     7

Table legend: (Time is in decaauts)
 A = Elapsed time spent in this place.
 B = Non-inter-level travel time spent in this place.
 C = Inter-level travel time spent in this place.
 D = Time resting spent in this place.
 E = Time spent auto-exploring this place.
 F = Levels seen in this place.
 G = Mean time per level.
                   A        B        C        D        E       F      G
               +--------+--------+--------+--------+--------+-----+--------+
         Total |  15340 |  14381 |    959 |    401 |  10926 |  13 | 1180.0 |
       Dungeon |  15258 |  14306 |    952 |    401 |  10926 |  12 | 1271.5 |
        Temple |     82 |     76 |      6 |      0 |      0 |   1 |   82.0 |
               +--------+--------+--------+--------+--------+-----+--------+

Top non-repeatable levels by time:
     D:7: 1930 daAuts
     D:8: 1806 daAuts
    D:11: 1617 daAuts
    D:10: 1500 daAuts
     D:4: 1374 daAuts
     D:5: 1346 daAuts
     D:6: 1304 daAuts
     D:2: 1170 daAuts
     D:3: 1168 daAuts
     D:1: 751 daAuts
     D:9: 737 daAuts
    D:12: 549 daAuts
  Temple: 82 daAuts
